 Dungeon Crawl Stone Soup version 0.32-a0-859-gb0a091d592 (webtiles) character file.

Game seed: 10862576554087322425

72 ragingrage the Grasshopper (level 4, -1/33 HPs)
             Began as a Human Warper on Mar 28, 2024.
             Slain by an orc
             ... wielding a +0 mace
              (7 damage)
             ... on level 2 of the Dungeon.
             The game lasted 00:03:42 (2115 turns).

ragingrage the Grasshopper (Human Warper)           Turns: 2115, Time: 00:03:43

Health: -1/33      AC:  5    Str: 12    XL:     4   Next: 25%
Magic:  7/7        EV: 10    Int: 13    God:
Gold:   92         SH:  0    Dex: 14    Spells: 7/7 levels left

rFire   . . .        a - +0 falchion
rCold   . . .        (no shield)
rNeg    . . .        l - +0 ring mail
rPois   .            (no helmet)
rElec   .            (no cloak)
rCorr   .            (no gloves)
SInv    .            (no boots)
Will    .....        (no amulet)
Stlth   +            (no ring)
HPRegen 0.25/turn    (no ring)
MPRegen 0.10/turn

%: no passive effects
@: no status effects
A: explore regen
a: no special abilities


You were on level 2 of the Dungeon.
You visited 1 branch of the dungeon, and saw 4 of its levels.

You collected 92 gold pieces.

Inventory:

Hand Weapons
 a - a +0 falchion (weapon)
Missiles
 d - 7 darts of dispersal (quivered)
 m - 4 poisoned darts
Armour
 l - a +0 ring mail (worn)
Scrolls
 c - 2 scrolls of blinking
 e - 2 scrolls of immolation {unknown}
 f - 2 scrolls of amnesia {unknown}
 g - 2 scrolls of identify {unknown}
 h - a scroll of poison {unknown}
 i - a scroll of fog {unknown}
 j - 3 scrolls of enchant weapon {unknown}
 k - a scroll of silence {unknown}
Potions
 b - a potion of curing {unknown}
 n - a potion of invisibility {unknown}


   Skills:
 - Level 2.2 Fighting
 + Level 3.0 Long Blades
 - Level 1.2 Throwing
 - Level 1.3 Armour
 - Level 2.2 Dodging
 + Level 1.8 Stealth
 - Level 2.1 Spellcasting
 - Level 3.1 Translocations


You had 7 spell levels left.
You didn't know any spells.
Your spell library contained the following spells:

 Spells                   Type           Power      Damage    Failure   Level
 Blink                    Tloc           18%        N/A       24%         2
 Lesser Beckoning         Tloc           18%        N/A       24%         2
 Teleport Other           Tloc           9%         N/A       43%         3
 Ensorcelled Hibernation  Hex/Ice        2%         N/A       63%         2
 Maxwell's Portable Pile  Tloc           9%         2d(6-12)  83%         4
 Fugue of the Fallen      Necr           1%         N/A       86%         3
 Vhi's Electric Charge    Tloc/Air       10%        N/A       96%         4
 Anguish                  Hex/Necr       0%         N/A       99%         4


Dungeon Overview and Level Annotations

Branches:
Dungeon (4/15)
 Temple: D:4-7

Altars:
Sif Muna


Innate Abilities, Weirdness & Mutations

You regain HP and MP as you explore.


Message History

The ball python hisses angrily.
Found a stone staircase leading down.
There is a stone staircase leading up here.
The ball python hisses angrily.
You climb upwards.
The orc throws a boomerang.
The boomerang barely misses you.
There is a stone staircase leading down here.
The orc attacks as it pursues you! The orc barely misses you.
The orc attacks as it pursues you! The orc hits you with a +0 mace.
The orc attacks as it pursues you! The orc hits you with a +0 mace.
The orc attacks as it pursues you! The orc closely misses you.
The orc priest casts a cantrip, but nothing happens.
The orc attacks as it pursues you! The orc barely misses you.
The orc attacks as it pursues you! The orc hits you but does no damage.
The orc attacks as it pursues you! The orc hits you with a +0 mace.
The orc attacks as it pursues you! The orc hits you but does no damage.
There is a stone staircase leading up here.
The orc priest calls down the wrath of Beogh upon you.
Beogh smites you!
The orc priest shouts, "The Pantheon deserves no one's loyalty.
Let us show you the true path!" (press Y on the ability menu to convert to Beogh)
You climb upwards.
There is a stone staircase leading down here.
You are too injured to fight recklessly!
Unknown command.
You are too injured to fight recklessly!
You hit the orc but do no damage. The orc hits you but does no damage.
You closely miss the orc. The orc closely misses you.
You barely miss the orc. The orc hits you but does no damage.
The orc barely misses you.
You hit the orc but do no damage. The orc misses you.
You closely miss the orc. The orc hits you with a +0 mace.
You hit the orc but do no damage. The orc hits you with a +0 mace.
You closely miss the orc. The orc barely misses you.
You hit the orc but do no damage. The orc hits you with a +0 mace.
* * * LOW HITPOINT WARNING * * *
You hit the orc but do no damage. The orc hits you with a +0 mace.
* * * LOW HITPOINT WARNING * * *
The orc hits you but does no damage.
You hit the orc but do no damage. The orc hits you with a +0 mace!
You die...

...............#
...............#
...............#
...............##
#...............#####
##.......÷...##.....#
######÷##....#####.#
#.#####..####.###
###### #.#
##.o@.....### #....#
#.# #######....##
#....# #.#
###...###....#
#.##########
#.#...#.....
#.##.......#
#.)##......#
#.##.......#
##.####....#
#.##.......# #.†#
#....# #.##.......#
##.# #....#
#.#...†....#
#.########


You could see an orc.

Vanquished Creatures
  2 adders (D:2)
  3 dart slugs (D:1)
  8 ball pythons
  5 endoplasms
  6 goblins
  4 hobgoblins (D:1)
  3 jackals (D:2)
  3 kobolds
  A quokka (D:3)
  2 bats (D:1)
  3 frilled lizards
  6 rats
46 creatures vanquished.

Notes
Turn   | Place    | Note
-------+----------+-------------------------------------------
     0 | D:1      | ragingrage the Human Warper began the quest for the Orb.
     0 | D:1      | Reached XP level 1. HP: 16/16 MP: 3/3
   185 | D:1      | Reached XP level 2. HP: 22/22 MP: 5/5
   587 | D:1      | Reached XP level 3. HP: 27/27 MP: 6/6
  1125 | D:2      | Reached skill level 1 in Stealth
  1273 | D:2      | Reached XP level 4. HP: 16/33 MP: 7/7
  1736 | D:3      | Found a faded altar of an unknown god.
  2027 | D:3      | Found a shimmering blue altar of Sif Muna.
  2115 | D:2      | Slain by an orc

Illustrated notes

Levels and vault maps discovered:
D:1:      heliophobic_arrival_dark_side_of_the_moon, layout_basic
D:2:      layout_rooms, minmay_split_cup_large
D:3:      layout_basic, mainiacjoe_overflow_catwalk,
          regret_index_xom_buried_treasure,
          chequers_ecumenical_altar_simple_redux
D:4:      layout_basic, mainiacjoe_overflow_surrounded_room,
          nzn_hepliaklqana_mist_gate, tso_oasis_becter,
          minmay_gold_behind_fungi, minivault_25, grunt_tough_drop

Skill      XL: |  1  2  3  4 |
---------------+-------------+-----
Stealth        | 1 |  1.8
Long Blades    | 3 |  3.0
Fighting       | |  2.2
Throwing       | |  1.2
Armour         | |  1.3
Dodging        | |  2.2
Spellcasting   | |  2.1
Translocations | |  3.1

Action                     |  1- 3 |  4- 6 || total
---------------------------+-------+-------++-------
  Melee: Falchion          |   104 |    31 ||   135
         Unarmed           |     2 |     1 ||     3
    Use: Potion            |     1 |       ||     1
   Stab: Sleeping          |     2 |       ||     2
 Armour: Leather armour    |    76 |       ||    76
         Ring mail         |     9 |    27 ||    36
         Skin              |     8 |       ||     8
  Dodge: Dodged            |    56 |    22 ||    78

Table legend: (Time is in decaauts)
 A = Elapsed time spent in this place.
 B = Non-inter-level travel time spent in this place.
 C = Inter-level travel time spent in this place.
 D = Time resting spent in this place.
 E = Time spent auto-exploring this place.
 F = Levels seen in this place.
 G = Mean time per level.
                   A        B        C        D        E       F      G
               +--------+--------+--------+--------+--------+-----+--------+
         Total |   2142 |   2061 |     81 |    126 |   1452 |   4 |  535.5 |
       Dungeon |   2142 |   2061 |     81 |    126 |   1452 |   4 |  535.5 |
               +--------+--------+--------+--------+--------+-----+--------+

Top non-repeatable levels by time:
     D:1: 1073 daAuts
     D:2: 617 daAuts
     D:3: 449 daAuts
     D:4: 1 daAuts
